 Dungeon Crawl Stone Soup version 0.31.0-12-g77e489cdc1 (webtiles) character file.

Game seed: 13887451812759993972

20 SuccubiThighs the Cudgeller (level 2, -1/31 HPs)
             Began as an Oni Gladiator on Mar 7, 2024.
             Succumbed to an adder's poison
             ... on level 2 of the Dungeon.
             The game lasted 00:02:08 (933 turns).

SuccubiThighs the Cudgeller (Oni Gladiator)          Turns: 933, Time: 00:02:09

Health: -1/31      AC:  3    Str: 16 (17) XL:     2   Next: 79%
Magic:  2/2        EV: 10    Int:  7 (9)  God:
Gold:   23         SH:  0    Dex:  8 (10) Spells: 1/1 levels left

rFire   . . .        a - +0 flail
rCold   . . .        (no shield)
rNeg    . . .        b - +0 robe
rPois   .            c - +0 hat
rElec   .            (no cloak)
rCorr   .            (gloves unavailable)
SInv    .            (boots unavailable)
Will    +....        (no amulet)
Stlth   +            (no ring)
HPRegen 0.25/turn    (no ring)
MPRegen 0.08/turn

%: no passive effects
@: lethally poisoned (-1 -> -14), enlightened, flying
A: large, unfitting armour, horns 1, tough skin 1, double potion healing,
drunken brawling
a: no special abilities


You were on level 2 of the Dungeon.
You visited 1 branch of the dungeon, and saw 2 of its levels.

You collected 23 gold pieces.

Inventory:

Hand Weapons
 a - a +0 flail (weapon)
Missiles
 d - 3 throwing nets (quivered)
 e - a large rock
Armour
 b - a +0 robe (worn)
 c - a +0 hat (worn)
 j - a +0 ring mail of fire resistance
 m - a +0 cloak
Jewellery
 k - a ring of resist corrosion
Talismans
 l - a blade talisman
Scrolls
 i - a scroll of brand weapon {unknown}
Potions
 h - a potion of brilliance {unknown}


   Skills:
 + Level 3.2 Fighting
 + Level 3.2 Maces & Flails
 + Level 2.3 Throwing
 + Level 2.9 Dodging
 + Level 0.0 Spellcasting


You had one spell level left.
You didn't know any spells.
Your spell library was empty.

Dungeon Overview and Level Annotations

Branches:
Dungeon (2/15)

Altars:


Innate Abilities, Weirdness & Mutations

You are too large for most types of armour.
You have a pair of small horns on your head.
You have tough skin. (AC +1)
You gain doubled healing and magic from potions.
Whenever you drink a healing potion, you attack all around you.


Message History

You barely miss the adder. The adder barely misses you.
The adder bites you but does no damage.
You miss the adder. The adder bites you but does no damage.
The adder bites you.
You closely miss the adder. The adder bites you.
You closely miss the adder. Your headbutt misses the adder.
The adder bites you.
You are poisoned.
The adder poisons you! The adder bites you.
You are more poisoned.
The adder poisons you!
You hit the adder but do no damage.
You feel very sick. The adder bites you but does no damage.
A ball python comes into view.
You closely miss the adder.
The ball python hisses angrily.
You headbutt the adder.
The adder is moderately wounded.
You feel sick. The adder bites you. The adder barely misses you.
You barely miss the adder.
The adder is moderately wounded.
You feel sick. The adder bites you.
* * * LOW HITPOINT WARNING * * *
The adder bites you.
* * * LOW HITPOINT WARNING * * *
You are lethally poisoned!
The adder poisons you!
It was a potion of enlightenment.
You feel very buoyant.
You fly up into the air.
* * * LOW HITPOINT WARNING * * *
You feel sick. The adder bites you.
* * * LOW HITPOINT WARNING * * *
You are more poisoned.
The adder poisons you!
It was a potion of degeneration.
There was something very wrong with that liquid.
You feel weakened.
You feel dopey.
You feel clumsy.
You die...

#########
#.......#
#.#####.#
#.#####.####.#
#<##.....@SS.#
#.##.##.######
#.## #.# ...
..# ### ####


You could see an adder and a ball python.

Vanquished Creatures
  2 bats (D:1)
  An endoplasm (D:1)
  2 goblins (D:1)
  3 hobgoblins (D:1)
  4 jackals (D:1)
  2 quokkas (D:1)
  A ball python (D:1)
  A frilled lizard (D:1)
16 creatures vanquished.

Notes
Turn   | Place    | Note
-------+----------+-------------------------------------------
     0 | D:1      | SuccubiThighs the Oni Gladiator began the quest for the
                  | Orb.
     0 | D:1      | Reached XP level 1. HP: 22/22 MP: 1/1
   210 | D:1      | Reached XP level 2. HP: 29/29 MP: 2/2
   507 | D:1      | Found a faded altar of an unknown god.
   932 | D:2      | HP: 1/31 [adder (3)]
   933 | D:2      | Succumbed to an adder's poison

Illustrated notes

Levels and vault maps discovered:
D:1:      sevenhm_arrival_forest_fort_small_3, layout_basic,
          shapermc_ecumenical_altar_acropolis, kennysheep_small_spiral
D:2:      layout_loops_cross, mrwooster_statue_mirror, minmay_pentomino_v2

Skill      XL: |  1  2 |
---------------+-------+-----
Fighting       | 3 |  3.2
Maces & Flails | |  3.2
Throwing       | |  2.3
Dodging        | |  2.9

Action                     || total
---------------------------++-------
  Melee: Flail             ||    52
         Headbutt          ||    10
    Use: Potion            ||     2
 Armour: Robe              ||    49
  Dodge: Dodged            ||    35
